[Event "Late-Titled-Tuesday-Blitz-November-28-2023"]
[Site "Chess.com"]
[Date "2023.11.28"]
[Round "11"]
[White "Msb2"]
[Black "Hikaru"]
[Result "1/2-1/2"]
[WhiteElo "3052"]
[BlackElo "3226"]
[TimeControl "180+1"]
[EndTime "16:00:47 PST"]
[Termination "Game drawn by repetition"]

1. d4 g6 2. c4 Bg7 3. e4 d6 4.
Nc3 a6 5. Be3 Nf6 6. Be2 c6 7.
Nf3 b5 8. a3 Bg4 9. e5 Nfd7 10.
exd6 exd6 11. O-O O-O 12. c5 dxc5 13. dxc5 a5 14. h3 Bxf3 15. Bxf3 Ne5 16. Be2 Nbd7 17. Qc2 f5 18. Rad1 f4 19. Bc1 f3 20. gxf3 Nxf3+ 21. Bxf3 Rxf3 22. Qe4 Rf7 23. Qxc6 Bxc3 24.
bxc3 Qc8 25. Qxb5 Ne5 26. f4 Qxh3 27. fxe5 Qg3+ 28. Kh1 Qh3+ 29. Kg1 Qg3+ 30. Kh1 Qh3+ 31. Kg1 1/2-1/2

[Event "Late-Titled-Tuesday-Blitz-November-28-2023"]
[Site "Chess.com"]
[Date "2023.11.28"]
[Round "11"]
[White "Dr_crypt"]
[Black "rdarruda"]
[Result "0-1"]
[WhiteElo "2408"]
[BlackElo "2529"]
[TimeControl "180+1"]
[EndTime "16:00:51 PST"]
[Termination "rdarruda won by resignation"]

1. d4 Nf6 2. Nf3 e6 3. Bg5 d5 4.
e3 Be7 5. Bd3 Nbd7 6. c3 c6 7.
Nbd2 O-O 8. O-O h6 9. Bh4 Nh5 10. Bxe7 Qxe7 11. Ne5 Nhf6 12. f4 c5 13. Qf3 b6 14. Qh3 Bb7 15. Qf3 Rfe8 16. g4 Nxe5 17. fxe5 Nd7 18. Qg3 f6 19. Nf3 Rf8 20. Nh4 Rf7 21. Bg6 Rff8 22. Bd3 Rf7 23. Ng6 Qe8 24. Rf2 fxe5 25. Rxf7 Qxf7 26. Rf1 Qe8 27. Nxe5 Nxe5 28.
Qxe5 Qe7 29. Rf4 Bc6 30. Qh5 Rf8 31. Qf7+ Rxf7 0-1

[Event "Late-Titled-Tuesday-Blitz-November-28-2023"]
[Site "Chess.com"]
[Date "2023.11.28"]
[Round "11"]
[White "Alex_Sahakyan2006"]
[Black "ameetghasi100"]
[Result "1-0"]
[WhiteElo "2720"]
[BlackElo "2795"]
[TimeControl "180+1"]
[EndTime "16:00:57 PST"]
[Termination "Alex_Sahakyan2006 won on time"]

1. e4 g6 2. Nc3 Bg7 3. g3 d6 4.
Bg2 c5 5. d3 Nc6 6. Be3 Rb8 7.
Qd2 b5 8. a3 a5 9. Nge2 Nd4 10.
Nc1 h5 11. h3 b4 12. axb4 axb4 13. Nd1 Nf6 14. c3 bxc3 15. bxc3 Nc6 16. O-O Bd7 17.
f4 O-O 18. Nf2 Qc7 19. Ne2 Rb3 20. d4 Na5 21. e5 Nh7 22. Bd5 Rbb8 23. Qd3 Bb5 24.
c4 cxd4 25. exd6 exd6 26. Bxd4 Bxd4 27. Nxd4 Bxc4 28. Qxg6+ Kh8 29. Qxh5 Bxd5 30. Qxd5 Nb7 31. Nf5 Nc5 32. Qd4+ f6 33. Qxd6 Qc8 34. Ne7 1-0

[Event "Late-Titled-Tuesday-Blitz-November-28-2023"]
[Site "Chess.com"]
[Date "2023.11.28"]
[Round "11"]
[White "Koksal06"]
[Black "ural58"]
[Result "1-0"]
[WhiteElo "2621"]
[BlackElo "2466"]
[TimeControl "180+1"]
[EndTime "16:00:59 PST"]
[Termination "Koksal06 won by resignation"]

1. c4 e5 2. Nc3 Nf6 3. Nf3 e4 4. Ng5 c6 5. Qa4 Qe7 6. g3 h6 7. Nh3 Qb4 8. Qxb4 Bxb4 9. Bg2 d5 10. cxd5 cxd5 11. Nf4 Be6 12. d3 d4 13. a3 Ba5 14. b4 dxc3 15. bxa5 Nc6 16. a6 bxa6 17.
dxe4 Rc8 18. O-O O-O 19. Nd5 Bxd5 20. exd5 Nd4 21. e4 Rfe8 22. f3 Nb3 23. Rb1 Nxc1 24.
Rbxc1 Rc5 25. Kf2 Nd7 26. Rc2 Ne5 27. Ke3 Rec8 28. Rfc1 Nc4+ 29. Kd3 Nb2+ 30. Ke2 Na4 31. f4 f6 32. Rd1 Kf7 33. Bh3 Re8 34. Be6+ Ke7 35.
Rb1 Nb6 36. Kd3 Rb8 37. Rb3 f5 38. Bxf5 Kd6 39. Rbxc3 Na4 40. Rxc5 Nxc5+ 41. Ke2 Rb3 42. Rd2 Rxa3 43. e5+ Ke7 44. d6+ Kd8 45. e6 Nb7 46.
e7+ Ke8 47. Bg6+ 1-0

[Event "Late-Titled-Tuesday-Blitz-November-28-2023"]
[Site "Chess.com"]
[Date "2023.11.28"]
[Round "11"]
[White "nitpicker"]
[Black "dianamirza"]
[Result "1-0"]
[WhiteElo "2312"]
[BlackElo "2034"]
[TimeControl "180+1"]
[EndTime "16:00:59 PST"]
[Termination "nitpicker won by resignation"]

1. d4 Nf6 2. c4 e6 3. g3 d5 4. Nf3 c6 5. Qc2 Bd6 6. Nbd2 O-O 7. Bg2 Nbd7 8. O-O b6 9. b3 Bb7 10. Bb2 Rc8 11. Rad1 c5 12. a4 cxd4 13. Nxd4 Nc5 14. e4 dxe4 15. Nb5 Nd3 16. Bxf6 gxf6 17. Nxe4 Bxe4 18. Bxe4 Nb4 19. Qc1 f5 20. Bg2 Na2 21.
Qd2 Bc5 22. Qxa2 Qf6 23. Nxa7 Rcd8 24. Nb5 f4 25. Qe2 e5 26. Qh5 fxg3 27. hxg3 Rxd1 28. Qxd1 Rd8 29. Qg4+ Kh8 30. Nc3 Rd4 31. Ne4 Qc6 32. Qf5 Rd7 33. Nf6 1-0

[Event "Late-Titled-Tuesday-Blitz-November-28-2023"]
[Site "Chess.com"]
[Date "2023.11.28"]
[Round "11"]
[White "JaackCamel"]
[Black "jinxy2009"]
[Result "1-0"]
[WhiteElo "2101"]
[BlackElo "2271"]
[TimeControl "180+1"]
[EndTime "16:01:02 PST"]
[Termination "JaackCamel won by resignation"]

1. d4 d5 2. c4 e6 3. Nc3 Nf6 4.
cxd5 exd5 5. Bg5 Be7 6. e3 h6 7. Bh4 c6 8. Bd3 O-O 9. Nge2 Ne8 10. Bg3 Nd6 11. O-O Re8 12. Qc2 Bf8 13. h3 Nd7 14.
Rad1 Nf6 15. Nf4 Nde4 16. Bxe4 Nxe4 17. Nxe4 dxe4 18. d5 cxd5 19. Nxd5 Bf5 20. Nc7 Qc8 21. Qa4 Rd8 22. Rxd8 Qxd8 23. Nxa8 Qxa8 24. Rd1 Qc8 25. Qxa7 Qc2 26. Qd4 Kh7 27. Rd2 Qc1+ 28. Kh2 Bc5 29.
Qd8 Qc4 30. Qd5 Be6 31. Qxc4 Bxc4 32. Rc2 1-0

[Event "Late-Titled-Tuesday-Blitz-November-28-2023"]
[Site "Chess.com"]
[Date "2023.11.28"]
[Round "11"]
[White "melissa_guez"]
[Black "TreinadorBR"]
[Result "0-1"]
[WhiteElo "2241"]
[BlackElo "2352"]
[TimeControl "180+1"]
[EndTime "16:01:03 PST"]
[Termination "TreinadorBR won on time"]

1. e4 c5 2. Nf3 d6 3. d4 cxd4 4.
Nxd4 Nf6 5. Nc3 a6 6. Bc4 e6 7. Bb3 Nbd7 8. O-O Nc5 9. Qf3 b5 10. Bg5 Bb7 11. Rfe1 Nxb3 12. axb3 Be7 13. Qg3 O-O 14. Bh6 Ne8 15. Rad1 Qc7 16. Nd5 exd5 17. Nf5 Bf6 18. exd5 Kh8 19. Bf4 Rd8 20. c3 g6 21.
Bh6 Rg8 22. Nd4 Ng7 23. Qf4 Be5 24. Qf3 f5 25. Qh3 Bxd5 26. f4 Bf6 27. Nxf5 Bxg2 28. Qxg2 Nxf5 29. Bg5 Bg7 30. Kh1 Rde8 31. Qd5 Ne3 32.
Rxe3 Rxe3 33. f5 gxf5 34. Bxe3 Be5 35. Bd4 Qg7 36. Bxe5 dxe5 37. Qc6 e4 0-1

[Event "Late-Titled-Tuesday-Blitz-November-28-2023"]
[Site "Chess.com"]
[Date "2023.11.28"]
[Round "11"]
[White "katharinareinecke"]
[Black "expii"]
[Result "1/2-1/2"]
[WhiteElo "2013"]
[BlackElo "2217"]
[TimeControl "180+1"]
[EndTime "16:01:04 PST"]
[Termination "Game drawn by repetition"]

1. d4 d5 2. c4 e6 3. Nf3 c5 4. cxd5 exd5 5. g3 Nc6 6. Bg2 Nf6 7. O-O Be7 8. Nc3 O-O 9. a3 a6 10. dxc5 Bxc5 11. b4 Be7 12. e3 b5 13. Bb2 Bg4 14.
h3 Be6 15. Nd4 Nxd4 16. Qxd4 Rc8 17. Rac1 Rc4 18. Qd2 Qd7 19. Ne2 Rfc8 20. Nd4 Rxc1 21. Rxc1 h6 22. Kh2 Rc4 23. Nxe6 Qxe6 24. Bxf6 Qxf6 25.
Rxc4 dxc4 26. e4 Bd6 27. f4 Qg6 28. e5 Bf8 29. Qc3 Qd3 30. Qxd3 cxd3 31. Bf3 g5 32. Kg2 a5 33. bxa5 Bxa3 34. a6 Bc5 35. Kf1 b4 36.
Bd1 gxf4 37. gxf4 Be3 38. f5 Bd4 39. e6 fxe6 40. fxe6 Kf8 41. Ke1 Be3 42. Bb3 Ke7 43.
Kd1 Kf6 44. Bc4 Ke7 45. Bxd3 Kxe6 46. Bc4+ Ke7 47. Ke2 Bc5 48. Kf3 Kd6 49. Kg4 Be3 50. Kf3 Bc5 51. Ke2 Kc7 52. Kd3 Kb6 53. Ke2 Bf8 54.
Kd2 Bc5 55. Kc2 Bf8 56. Kb3 Bc5 57. Kc2 Bd6 58. Kb3 Bc5 59. Kc2 1/2-1/2

[Event "Late-Titled-Tuesday-Blitz-November-28-2023"]
[Site "Chess.com"]
[Date "2023.11.28"]
[Round "11"]
[White "Zavgorodniy_Sergiy"]
[Black "Rakitic2010"]
[Result "1-0"]
[WhiteElo "2649"]
[BlackElo "2484"]
[TimeControl "180+1"]
[EndTime "16:01:10 PST"]
[Termination "Zavgorodniy_Sergiy won by resignation"]

1. d4 Nf6 2. c4 c5 3. d5 b5 4.
cxb5 a6 5. e3 g6 6. Nc3 Bg7 7. e4 d6 8. a4 O-O 9. Bg5 Nbd7 10.
Nf3 Qa5 11. Nd2 h6 12. Nc4 Qb4 13. Bd2 Ne5 14. Na2 Qxc4 15. Bxc4 Nxc4 16. f3 axb5 17.
axb5 Nxb2 18. Qb3 Na4 19. Nc3 Nb6 20. Rxa8 Nxa8 21. b6 Ba6 22. b7 Nd7 23. bxa8=Q Rxa8 24. Kf2 Ne5 25. Ra1 Nd3+ 26. Kg3 Bd4 27. h3 Kh7 28. Qb6 h5 29. Rxa6 h4+ 30. Kh2 c4 31. Qxd4 Rxa6 32. Qxc4 Nc5 33. Be3 Ra4 34. Nxa4 1-0

[Event "Late-Titled-Tuesday-Blitz-November-28-2023"]
[Site "Chess.com"]
[Date "2023.11.28"]
[Round "11"]
[White "Tomytoteph"]
[Black "mind1mover"]
[Result "1-0"]
[WhiteElo "2629"]
[BlackElo "2739"]
[TimeControl "180+1"]
[EndTime "16:01:12 PST"]
[Termination "Tomytoteph won on time"]

1. e4 Nc6 2. d4 d6 3. Nc3 Nf6 4. Nge2 g6 5. f3 Bg7 6. Be3 h5 7. Qd2 a6 8. h4 b5 9. g3 e5 10. O-O-O Bd7 11. Kb1 b4 12. Nd5 Nxd5 13. exd5 Ne7 14.
dxe5 dxe5 15. Bc5 Nf5 16. Bxb4 Nd6 17. Nc3 Rb8 18. Ba3 f5 19. Bxa6 Ra8 20. Be2 Rxa3 21. bxa3 O-O 22. a4 e4 23. Nb5 Bxb5 24. axb5 Qa8 25.
Qb4 Rb8 26. a4 Qa7 27. g4 Qf2 28. Rde1 exf3 29. Rhf1 Qxh4 30. Bxf3 hxg4 31. Bg2 Qg3 32. Re2 f4 33. Rxf4 Qh2 34. Rxg4 Qg1+ 35. Re1 Qf2 36. Rxg6 Kf8 37. Rf1 1-0

[Event "Late-Titled-Tuesday-Blitz-November-28-2023"]
[Site "Chess.com"]
[Date "2023.11.28"]
[Round "11"]
[White "VitorBronson"]
[Black "tantaan"]
[Result "0-1"]
[WhiteElo "2514"]
[BlackElo "2403"]
[TimeControl "180+1"]
[EndTime "16:01:12 PST"]
[Termination "tantaan won by resignation"]

1. d4 Nf6 2. c4 e6 3. Nf3 Bb4+ 4. Nbd2 b6 5. g3 Bb7 6. Bg2 O-O 7. O-O Re8 8. Nb3 a5 9. a3 Bf8 10. Bg5 h6 11. Bf4 d6 12. Rc1 Nbd7 13. c5 e5 14. c6 exf4 15. cxb7 Rb8 16. gxf4 Nd5 17. e3 N7f6 18.
Nbd2 Rxb7 19. Qb3 Ra7 20. Nb1 a4 21. Qc2 Ng4 22. Nfd2 Ndxe3 23. fxe3 Nxe3 24. Qc6 Nxf1 25. Nxf1 Re2 26. Ng3 Rxb2 27. Qc3 Rb3 28. Qe1 c5 29. Bd5 Re7 30. Qf2 Rbe3 31. Nf1 Re2 32. Qg3 cxd4 33. Bc4 Rb2 34. Nbd2 d5 35. Bd3 Rc7 36. Re1 Rc3 37. Qh3 g6 38. f5 Qg5+ 39. Kh1 Rxd2 40. fxg6 Rcxd3 41. gxf7+ Kg7 42. Ng3 Rd1 43. Nf5+ Kh8 44. Rxd1 Rxh3 0-1

[Event "Late-Titled-Tuesday-Blitz-November-28-2023"]
[Site "Chess.com"]
[Date "2023.11.28"]
[Round "11"]
[White "falzehope0"]
[Black "GoValya"]
[Result "1-0"]
[WhiteElo "2339"]
[BlackElo "2216"]
[TimeControl "180+1"]
[EndTime "16:01:15 PST"]
[Termination "falzehope0 won by resignation"]

1. d4 Nf6 2. e3 g6 3. Bd3 d5 4. f4 Bg7 5. Nf3 c5 6. c3 O-O 7.
O-O cxd4 8. exd4 Ne4 9. Nbd2 f5 10. Qe2 Nc6 11. Ne5 Qb6 12. Kh1 a6 13. Ndf3 Qc7 14. Be3 b5 15. Rac1 Nxe5 16. fxe5 Bb7 17. Rc2 Qa5 18. Ra1 f4 19. Bd2 Qd8 20. b3 e6 21.
Be1 Rf5 22. c4 bxc4 23. bxc4 Rh5 24. c5 g5 25. c6 Bxc6 26. Rxc6 g4 27. Bxe4 dxe4 28.
Qxe4 gxf3 29. Qxf3 Qxd4 30. Rd1 Qxe5 31. Bc3 Qf5 32.
Bxg7 Kxg7 33. Rc7+ Kg6 34. Qxa8 Qg4 35. Qg8+ Kf5 36. Rc5+ e5 37. Rxe5+ 1-0

[Event "Late-Titled-Tuesday-Blitz-November-28-2023"]
[Site "Chess.com"]
[Date "2023.11.28"]
[Round "11"]
[White "OneTrickPony_82"]
[Black "DawnofEpiphany"]
[Result "0-1"]
[WhiteElo "2470"]
[BlackElo "2631"]
[TimeControl "180+1"]
[EndTime "16:01:19 PST"]
[Termination "DawnofEpiphany won by resignation"]

1. d4 d5 2. c4 c6 3. Nf3 Nf6 4. cxd5 cxd5 5. Nc3 Nc6 6. Bf4 a6 7. Qb3 Na5 8. Qc2 e6 9. e3 Be7 10. Bd3 O-O 11. O-O b5 12. Ne5 Bb7 13. Rfc1 Rc8 14. Qd1 Nc4 15. Qe2 Qa5 16. Bg5 Rc7 17. a4 b4 18. Nd1 Rfc8 19. f4 b3 20. Nc3 Nxb2 21.
Qxb2 Rxc3 22. Rd1 Qb4 23. Qe2 Ne4 24. Bxe4 dxe4 25. Bxe7 Qxe7 26. Rab1 Bd5 27. Qxa6 h5 28. h3 f6 29. Rxb3 Bxb3 0-1

[Event "Late-Titled-Tuesday-Blitz-November-28-2023"]
[Site "Chess.com"]
[Date "2023.11.28"]
[Round "11"]
[White "LaGuayabaAlbizuista"]
[Black "Walter_White_Poland"]
[Result "0-1"]
[WhiteElo "1980"]
[BlackElo "2363"]
[TimeControl "180+1"]
[EndTime "16:01:21 PST"]
[Termination "Walter_White_Poland won by resignation"]

1. e4 e5 2. Nf3 Nc6 3. Nc3 Nf6 4. d4 Bb4 5. d5 Nb8 6. Bd3 Bxc3+ 7. bxc3 d6 8. c4 Nbd7 9. Be3 b6 10. a4 a5 11.
Qb1 h6 12. Qb5 O-O 13. O-O Ba6 14. Qb2 Re8 15. Qc3 Qe7 16. Rfb1 Nh5 17. c5 Nxc5 18. Bxc5 dxc5 19. Bxa6 Rxa6 20. Rb5 Qd6 21. Nd2 Nf4 22. Nc4 Ne2+ 23. Kf1 Nxc3 24. Nxd6 cxd6 25. Rb3 Nxe4 26.
c4 f5 27. Ke2 Nf6 28. Rab1 Nd7 29. g3 Kf7 30. f3 Raa8 31. Kf2 Kf6 32. Kg2 g5 33. Rf1 Kg6 34. Rb2 e4 35. fxe4 Rxe4 36.
Re2 0-1

[Event "Late-Titled-Tuesday-Blitz-November-28-2023"]
[Site "Chess.com"]
[Date "2023.11.28"]
[Round "11"]
[White "Oleksandr_Bortnyk"]
[Black "jefferyx"]
[Result "0-1"]
[WhiteElo "3072"]
[BlackElo "3016"]
[TimeControl "180+1"]
[EndTime "16:01:26 PST"]
[Termination "jefferyx won by checkmate"]

1. e4 c6 2. d4 d5 3. Nc3 dxe4 4. Nxe4 Nf6 5. Nxf6+ exf6 6. c3 Bd6 7. Bd3 O-O 8. Qc2 Re8+ 9. Ne2 h5 10. O-O h4 11. Nf4 Na6 12. Qd1 g6 13. Qf3 Nc7 14. g3 h3 15. Bd2 Kg7 16. Rfe1 Rh8 17. Re2 Bxf4 18. Bxf4 Be6 19. Rae1 Qd7 20. Bxc7 Qxc7 21. c4 Rad8 22. Re4 f5 23. Rf4 Rhe8 24. Re3 b5 25. b3 Qa5 26. Bf1 bxc4 27. bxc4 Rb8 28. Rh4 Rb1 29.
Qf4 Rxf1+ 30. Kxf1 Bxc4+ 31. Kg1 Qe1+ 32. Rxe1 Rxe1# 0-1

[Event "Late-Titled-Tuesday-Blitz-November-28-2023"]
[Site "Chess.com"]
[Date "2023.11.28"]
[Round "11"]
[White "Mikhail_Golubev"]
[Black "Jaka_Brilej"]
[Result "1-0"]
[WhiteElo "2584"]
[BlackElo "2460"]
[TimeControl "180+1"]
[EndTime "16:01:31 PST"]
[Termination "Mikhail_Golubev won by checkmate"]

1. e4 Nf6 2. e5 Nd5 3. d4 d6 4.
Nf3 g6 5. Bc4 Nb6 6. Bb3 Bg7 7.
a4 a5 8. Ng5 e6 9. Qf3 Qe7 10.
Ne4 dxe5 11. dxe5 h6 12. Nf6+ Bxf6 13. exf6 Qd6 14. O-O Nc6 15. Nc3 Nd4 16. Qe4 Nxb3 17. cxb3 Bd7 18. Bf4 Qc6 19. Qe3 g5 20. Be5 Rc8 21.
Rac1 Kf8 22. Rfd1 Be8 23. h4 Nd7 24. hxg5 Rg8 25. Nb5 Qb6 26. Qxb6 Nxb6 27. Bxc7 Bxb5 28. axb5 Rxc7 29. Rxc7 Rxg5 30. Rd8# 1-0

[Event "Late-Titled-Tuesday-Blitz-November-28-2023"]
[Site "Chess.com"]
[Date "2023.11.28"]
[Round "11"]
[White "Alohamora11"]
[Black "KNVB"]
[Result "0-1"]
[WhiteElo "2578"]
[BlackElo "2676"]
[TimeControl "180+1"]
[EndTime "16:01:36 PST"]
[Termination "KNVB won by checkmate"]

1. e4 e5 2. Nf3 Nc6 3. Bb5 Qf6 4. Nc3 Bd6 5. d3 Nge7 6. Bg5 Qg6 7. h4 Nd4 8. Nxd4 exd4 9. Ne2 h6 10. Bxe7 Bxe7 11. Nf4 Qb6 12. Nd5 Qa5+ 13. Kf1 Bd6 14. Bc4 c6 15.
Qh5 cxd5 16. Bxd5 Kd8 17. Qxf7 Rf8 18. Qxg7 Qd2 19. f3 b5 20. Qxd4 Bg3 21. Bxa8 d6 22. Rh3 Bxh3 23. gxh3 Rxf3+ 24. Kg1 Qh2# 0-1

[Event "Late-Titled-Tuesday-Blitz-November-28-2023"]
[Site "Chess.com"]
[Date "2023.11.28"]
[Round "11"]
[White "Jahonas"]
[Black "SanchezKelvin"]
[Result "0-1"]
[WhiteElo "2423"]
[BlackElo "2538"]
[TimeControl "180+1"]
[EndTime "16:01:39 PST"]
[Termination "SanchezKelvin won by resignation"]

1. e4 e5 2. Nf3 Nc6 3. Bb5 a6 4.
Ba4 b5 5. Bb3 Nf6 6. d3 Be7 7.
O-O O-O 8. Nbd2 d5 9. exd5 Nxd5 10. Re1 Bf6 11. Ne4 Be6 12. Nfg5 Bxg5 13. Nxg5 Bf5 14. Qf3 Nde7 15. c3 Qxd3 16. Re3 Qd6 17. Nxf7 Rxf7 18. Bxf7+ Kxf7 19. g4 Qg6 20. h3 Kg8 21. Rxe5 Rf8 22.
Re1 h5 23. Qg3 hxg4 24. h4 Bc8 25. Qxc7 Nf5 26. Bg5 b4 27. Rad1 bxc3 28. bxc3 Kh7 29. Qh2 Qf7 30. Re4 Qxa2 31. Rxg4 Qe2 32. Rgd4 Ncxd4 0-1

[Event "Late-Titled-Tuesday-Blitz-November-28-2023"]
[Site "Chess.com"]
[Date "2023.11.28"]
[Round "11"]
[White "emeli_chess"]
[Black "Gyulamiryan-koryun"]
[Result "1-0"]
[WhiteElo "2369"]
[BlackElo "1985"]
[TimeControl "180+1"]
[EndTime "16:01:40 PST"]
[Termination "emeli_chess won on time"]

1. d4 Nf6 2. c4 c5 3. d5 b5 4. cxb5 a6 5. b6 d6 6. Nc3 Nbd7 7. a4 Nxb6 8. a5 Nbd7 9. e4 Bb7 10. Nf3 g6 11.
Be2 Bg7 12. O-O O-O 13. Bd2 Ng4 14. Na4 e6 15. Bc3 e5 16. h3 Ngf6 17. Nd2 Bh6 18. Bd3 Nh5 19. Nc4 Ndf6 20. Re1 Nf4 21. Bf1 g5 22. Nab6 Rb8 23. b4 cxb4 24. Bxb4 Ne8 25.
Qg4 Ng6 26. Qd7 Nf6 27. Qxd6 Qxd6 28. Bxd6 Rfe8 29. Bxb8 Rxb8 30. Nd6 Ne7 31. Nxb7 Rxb7 32. Bxa6 Ra7 33. Bd3 g4 34. hxg4 Nxg4 35. a6 Bd2 36. Reb1 Bc3 37. Ra4 Bd4 38. Rxd4 exd4 39. Rc1 Ne5 40.
Nc8 1-0

[Event "Late-Titled-Tuesday-Blitz-November-28-2023"]
[Site "Chess.com"]
[Date "2023.11.28"]
[Round "11"]
[White "Likvidator228"]
[Black "Harry_Rakkel"]
[Result "1-0"]
[WhiteElo "2579"]
[BlackElo "2651"]
[TimeControl "180+1"]
[EndTime "16:01:42 PST"]
[Termination "Likvidator228 won by resignation"]

1. d4 Nf6 2. c4 e6 3. g3 d5 4. Bg2 Bb4+ 5. Bd2 Be7 6. Nf3 O-O 7.
Qc2 Nbd7 8. O-O c6 9. Bf4 Ne4 10. Rd1 g5 11. Be3 f5 12. Nc3 Qe8 13. Nxe4 dxe4 14. Nxg5 Nf6 15. Nh3 Ng4 16. Bf4 Rf7 17.
f3 e5 18. fxg4 exf4 19. Nxf4 fxg4 20. Qxe4 Bf5 21. Qe3 Qf8 22. Qf2 Re8 23. e4 Bc8 24. e5 Bg5 25. Rf1 Qh6 26. Rae1 Bf5 27. d5 Bd3 28. e6 Rf6 29. Qxa7 Bxf1 30. Rxf1 Bxf4 31.
gxf4 Rxf4 32. Rxf4 Qxf4 33. Qf2 Qc1+ 34. Bf1 Qg5 35. Qf7+ 1-0

[Event "Late-Titled-Tuesday-Blitz-November-28-2023"]
[Site "Chess.com"]
[Date "2023.11.28"]
[Round "11"]
[White "TigrVShlyape"]
[Black "DuleMudule"]
[Result "1-0"]
[WhiteElo "2968"]
[BlackElo "2851"]
[TimeControl "180+1"]
[EndTime "16:01:43 PST"]
[Termination "TigrVShlyape won on time"]

1. e4 c6 2. d4 d5 3. e5 Bf5 4. Nf3 e6 5. Be2 h6 6. O-O Ne7 7. b3 Nd7 8. c4 Bg6 9. Nc3 Nf5 10. Bb2 Bb4 11. c5 b6 12. Na4 b5 13. Nc3 Ba5 14. h3 O-O 15. Bd3 Nh4 16. Bxg6 fxg6 17. Nxh4 Qxh4 18.
Ne2 g5 19. f3 h5 20. Qd3 g4 21. fxg4 hxg4 22. Qg6 Qh6 23. Qxg4 Bd2 24. Kh2 a5 25. Rad1 a4 26. b4 a3 27. Bc1 Bxc1 28. Rxc1 Ra4 29. Nf4 Re8 30. Rb1 Raa8 31. Rb3 Rf8 32. Rbf3 Rae8 33.
Ng6 Rxf3 34. Rxf3 Nf8 35. Nf4 Nh7 36. Rxa3 1-0

[Event "Late-Titled-Tuesday-Blitz-November-28-2023"]
[Site "Chess.com"]
[Date "2023.11.28"]
[Round "11"]
[White "TanitoluwaAps116"]
[Black "FuenfgegenWilly"]
[Result "1-0"]
[WhiteElo "2672"]
[BlackElo "2481"]
[TimeControl "180+1"]
[EndTime "16:01:43 PST"]
[Termination "TanitoluwaAps116 won by checkmate"]

1. e4 e5 2. Nf3 Nc6 3. Bc4 Nf6 4. d3 d5 5. exd5 Nxd5 6. O-O Bc5 7. Re1 O-O 8. Nxe5 Nxe5 9. Rxe5 Bxf2+ 10. Kxf2 Qh4+ 11. Kf1 Qf6+ 12. Qf3 Qxe5 13. Bxd5 c6 14. Bb3 Qxh2 15.
Nc3 Qh1+ 16. Kf2 a5 17. a3 a4 18. Ba2 Ra5 19. Rb1 Rf5 20. Bf4 Qh4+ 21. g3 Qf6 22.
Ne4 Qd4+ 23. Qe3 Qd8 24. Kg1 Re8 25. Re1 Be6 26. Nd6 Rf8 27. Bxe6 Rxf4 28. Qxf4 fxe6 29. Qe5 Rf6 30. Ne4 Rg6 31. Rf1 h6 32. Kg2 Qb6 33. Qb8+ Kh7 34. Rf8 Rg4 35. Qe8 Rxg3+ 36. Nxg3 g5 37.
Qf7# 1-0

[Event "Late-Titled-Tuesday-Blitz-November-28-2023"]
[Site "Chess.com"]
[Date "2023.11.28"]
[Round "11"]
[White "wanyaland"]
[Black "FM_Kappeler"]
[Result "1-0"]
[WhiteElo "2445"]
[BlackElo "2334"]
[TimeControl "180+1"]
[EndTime "16:01:45 PST"]
[Termination "wanyaland won by resignation"]

1. d4 d5 2. c4 c6 3. Nc3 Nf6 4. Nf3 a6 5. e3 b5 6. b3 Bg4 7.
Bd3 e6 8. O-O Nbd7 9. a4 b4 10.
Nb1 Bd6 11. Nbd2 O-O 12. Bb2 e5 13. dxe5 Nxe5 14. Be2 Ng6 15. Rc1 Re8 16. cxd5 cxd5 17. Rc6 a5 18. Qc2 Nf4 19. Bb5 Ne6 20. Bxf6 gxf6 21.
Bd3 Ng5 22. Nxg5 fxg5 23. Bxh7+ Kg7 24. Bf5 Rh8 25. h3 Be2 26. Re1 Ba6 27. Qb2+ f6 28. Nf3 Bb7 29. Nxg5 Be5 30. Ne6+ Kh6 31. Qxe5 fxe5 32. Nxd8+ Bxc6 33. Nxc6 Rhe8 34. Rd1 Kg5 35. g4 Ra6 36. Nxe5 Rxe5 37. f4+ Kh4 38. fxe5 Rc6 39. Kg2 Rc3 40. Kf3 d4 41. Rxd4 Rc1 42. e6 Rf1+ 43.
Ke4 Kg3 44. e7 Re1 45. e8=Q 1-0

[Event "Late-Titled-Tuesday-Blitz-November-28-2023"]
[Site "Chess.com"]
[Date "2023.11.28"]
[Round "11"]
[White "eljanov"]
[Black "bazar-wokzal"]
[Result "1-0"]
[WhiteElo "2886"]
[BlackElo "2657"]
[TimeControl "180+1"]
[EndTime "16:01:48 PST"]
[Termination "eljanov won on time"]

1. e4 Nc6 2. Nf3 d5 3. exd5 Qxd5 4. Nc3 Qa5 5. b4 Nxb4 6. Bc4 Nf6 7. O-O e6 8. Rb1 Be7 9. Re1 a6 10. d4 O-O 11.
Bd2 Qh5 12. Re5 Qg6 13. Rxb4 Bxb4 14. Rg5 Qxg5 15. Nxg5 Rd8 16. Ne2 Be7 17. Bd3 b5 18. c3 Bb7 19. Ng3 c5 20. Nh5 h6 21. Nxf6+ Bxf6 22. Ne4 Bxe4 23. Bxe4 Rac8 24. g3 cxd4 25. cxd4 Rxd4 26.
Qe2 Rcd8 27. Ba5 R8d7 28. Kg2 b4 29. Bb6 Rd1 30. Qxa6 g6 31. Be3 Kg7 32. Qc4 Ra1 33. Bc2 Bc3 34. Bb3 h5 35. h4 Rb1 36. g4 hxg4 37. Qxg4 Re1 38. h5 Rd6 39. hxg6 fxg6 40. Bc2 e5 41. Qh4 1-0

[Event "Late-Titled-Tuesday-Blitz-November-28-2023"]
[Site "Chess.com"]
[Date "2023.11.28"]
[Round "11"]
[White "DamianoLew95"]
[Black "Goryachkina"]
[Result "1/2-1/2"]
[WhiteElo "2738"]
[BlackElo "2659"]
[TimeControl "180+1"]
[EndTime "16:01:51 PST"]
[Termination "Game drawn by repetition"]

1. e4 c5 2. Nf3 e6 3. d4 cxd4 4.
Nxd4 Nc6 5. Nc3 Bc5 6. Ndb5 Nf6 7. Nd6+ Ke7 8. Bf4 e5 9. Nf5+ Kf8 10. Bg5 d6 11.
Ne3 h6 12. Bxf6 Qxf6 13. Ncd5 Qd8 14. Be2 g6 15. Qd2 Kg7 16. b4 Bxe3 17. fxe3 Be6 18. O-O a5 19. b5 Ne7 20. c4 Bxd5 21. exd5 Rc8 22. Bd3 f5 23. g4 fxg4 24. Qg2 Qd7 25. Kh1 Rcf8 26. Rg1 h5 27. Be4 Nf5 28. Rae1 b6 29.
Rgf1 Nh4 30. Qg3 Qe7 31. Kg1 Rxf1+ 32. Rxf1 Rf8 33. Rxf8 Kxf8 34. Qf2+ Kg7 35. a4 Qf6 36. Qd2 Nf3+ 37. Bxf3 Qxf3 38. c5 bxc5 39. b6 Qe4 40.
Kf2 Qf3+ 41. Kg1 Qe4 42. Kf2 Qf3+ 43. Kg1 1/2-1/2

[Event "Late-Titled-Tuesday-Blitz-November-28-2023"]
[Site "Chess.com"]
[Date "2023.11.28"]
[Round "11"]
[White "Zampronha1971"]
[Black "Nf3c5"]
[Result "0-1"]
[WhiteElo "2404"]
[BlackElo "2525"]
[TimeControl "180+1"]
[EndTime "16:01:51 PST"]
[Termination "Nf3c5 won by resignation"]

1. e4 c5 2. Nf3 a6 3. Nc3 b5 4. d4 cxd4 5. Nxd4 e6 6. Be2 Bb7 7. a3 Nc6 8. O-O Nge7 9. Be3 Nxd4 10. Bxd4 Nc6 11. Be3 Be7 12. f4 O-O 13. Qe1 d6 14.
Qg3 Bf6 15. Rad1 Qc7 16. Bd3 b4 17. axb4 Nxb4 18. Qf2 Nxd3 19. cxd3 Bc6 20. d4 Qb7 21.
e5 Be7 22. Rd2 g6 23. Qg3 Kh8 24. f5 exf5 25. exd6 Bf6 26. Bg5 Bg7 27. Be7 Rfe8 28. d5 Bd7 29. Re1 Kg8 30. Qf2 a5 31. Ne2 a4 32. Nd4 Qxd5 33. Nf3 Qa5 34. Rc2 a3 35. bxa3 Qxa3 36. Rc7 Qa4 37. h3 h6 38. Ne5 Be6 39.
Nxg6 Bd4 40. Re3 fxg6 41. Qf3 Bxe3+ 42. Qxe3 Qa1+ 43. Kh2 Bf7 44. Qxh6 Qe5+ 45. Kg1 Ra1+ 46. Rc1 Qc5+ 47. Kh2 Rxc1 0-1